 Dungeon Crawl Stone Soup version 0.31-a0-845-g9abc20d24f (webtiles) character file.

Game seed: 8002499154942828509

3292 Danienth the Slicer (level 10, 0/83 HPs)
             Began as a Meteoran Shapeshifter on Oct 2, 2023.
             Was an Initiate of Gozag.
             Slain by a fire elemental (13 damage)
             ... created by the fiery vengeance of Ignis
             ... on level 7 of the Dungeon.
             The game lasted 00:26:53 (4206 turns).

Danienth the Slicer (Meteoran Shapeshifter)         Turns: 4206, Time: 00:26:53

Health: 0/83       AC: 10    Str: 16    XL:     10   Next: 43%
Magic:  21/21      EV: 15    Int: 12    God:    Gozag
Gold:   103        SH:  0    Dex: 24    Spells: 15/22 levels left

rFire   . . .        l - +4 dagger (protect)
rCold   + . .        (no shield)
rNeg    . . .        a - +0 animal skin
rPois   .            Q - +0 helmet
rElec   .            E - scarf {repulsion}
rCorr   .            (no gloves)
SInv    .            (no boots)
Will    +....        g - amulet of regeneration
Stlth   +            p - +6 ring of dexterity
HPRegen 1.13/turn    C - ring of protection from fire
MPRegen 0.17/turn

%: repel missiles
@: confused, mighty, ambrosia-drunk, under a protective aura, glowing, fire
susceptible
A: sense surroundings 2, otherworldly, glowing, explore regen, hooves 1, cold
resistance 1
a: Renounce Religion, Potion Petition, Call Merchant, Bribe Branch


You were on level 7 of the Dungeon.
You worshipped Gozag.
Gozag was aware of your devotion.
You visited 1 branch of the dungeon, and saw 7 of its levels.
You also visited: Sewer and Ossuary.

You collected 457 gold pieces.
You spent 210 gold pieces at shops.
You paid 144 gold pieces to Gozag.

Inventory:

Hand Weapons
 i - a +1 short sword of draining
 l - a +4 dagger of protection (weapon)
 r - a +2 war axe of electrocution
 x - the +3 shortbow "Jeocoamode" {drain, Str+3 Stlth+}
   (You bought it in a shop on level 6 of the Dungeon)

   Str+3:     It affects your strength (+3).
   Stlth+:    It makes you more stealthy.
 M - a +0 dagger of flaming
 P - a +3 quarterstaff of chaos
Missiles
 h - 8 boomerangs
 j - 2 silver javelins
 o - 29 poisoned darts
 v - 3 curare-tipped darts
 N - 4 datura-tipped darts
Armour
 a - a +0 animal skin (worn)
 n - an orb of guile
 t - a +0 cloak
 E - a scarf of repulsion (worn)
 K - a +1 robe
 Q - a +0 helmet (worn)
Jewellery
 g - an amulet of regeneration (around neck)
 p - a +6 ring of dexterity (left hand)
 C - a ring of protection from fire (right hand)
 F - an amulet of regeneration
Talismans
 c - a beast talisman
 d - a flux talisman
Wands
 u - a wand of flame (27)
Scrolls
 m - a scroll of brand weapon
 q - a scroll of revelation
 y - 3 scrolls of identify
 D - 2 scrolls of fog
Potions
 b - 2 potions of cancellation
 f - a potion of ambrosia
 k - 3 potions of curing
 s - a potion of mutation
 w - 2 potions of magic {unknown}
 z - 2 potions of might
 A - 3 potions of brilliance {unknown}
 B - a potion of invisibility {unknown}
 G - a potion of enlightenment {unknown}
 H - 2 potions of lignification
 I - 2 potions of attraction {unknown}
 J - a potion of haste {unknown}


   Skills:
 - Level 6.0 Fighting
 - Level 8.0 Short Blades
 + Level 3.9 Ranged Weapons
 - Level 4.0 Dodging
 + Level 3.4 Stealth
 - Level 4.0 Unarmed Combat
 * Level 6.8 Spellcasting
 + Level 6.4 Shapeshifting


You had 15 spell levels left.
You knew the following spells:

 Your Spells              Type           Power      Damage    Failure   Level
a - Swiftness             Air            4%         N/A       45%         3
b - Passwall              Tmut/Erth      3%         N/A       26%         2
c - Searing Ray           Conj           8%         2d4       26%         2

Your spell library contained the following spells:

 Spells                   Type           Power      Damage    Failure   Level
 Apportation              Tloc           8%         N/A       17%         1
 Freeze                   Ice            16%        1d4       17%         1
 Magic Dart               Conj           16%        1d3       17%         1
 Ensorcelled Hibernation  Hex/Ice        8%         N/A       26%         2
 Jinxbite                 Hex            8%         N/A       26%         2
 Frozen Ramparts          Ice            8%         1d2       45%         3
 Hailstorm                Conj/Ice       4%         3d4       45%         3
 Fulminant Prism          Conj/Hex       2%         3d5       86%         4
 Alistair's Intoxication  Tmut/Pois      2%         N/A       99%         5


Dungeon Overview and Level Annotations

Branches:
Dungeon (7/15) Zot: 475    Temple (0/1) D:6           Sewer (visited)
Ossuary (visited)

Altars:
Dithmenos
Fedhas
Gozag
Nemelex Xobeh
Qazlal
Uskayaw
Wu Jian
The Shining One
Ignis

Shops:
D:5 =   D:6 (*


Innate Abilities, Weirdness & Mutations

You passively map the area around you.
You are easily found by Zot.
You glow in the dark.
You regain HP and MP as you explore.
You have large cloven feet.
Your flesh is cold resistant. (rC+)


Message History

You closely miss the fire elemental. You kick the fire elemental.
The fire elemental is almost destroyed.
The fire elemental hits you. The fire elemental burns you!
The fire elemental hits you. The fire elemental burns you!
The fire elemental hits you. The fire elemental burns you!
* * * LOW HITPOINT WARNING * * *
You feel much better. The fire elemental hits you.
The fire elemental burns you! The fire elemental barely misses you.
The fire elemental completely misses you.
The fire elemental hits you. The fire elemental burns you!
* * * LOW HITPOINT WARNING * * *
The fire elemental misses you. The fire elemental hits you.
The fire elemental burns you!
* * * LOW HITPOINT WARNING * * *
Things that are here:
8 gold pieces; a +3 falchion of freezing; a +0 robe You feel much better.
The fire elemental hits you. The fire elemental burns you!
The fire elemental hits you. The fire elemental burns you!
You feel better. The fire elemental hits you. The fire elemental burns you!
* * * LOW HITPOINT WARNING * * *
The fire elemental barely misses you.
You are too injured to fight recklessly!
Hit: l) +4 dagger (protect)
Press: ? - help, Dir - move target, f - fire elemental
Aim: a fire elemental (durably summoned, about 29% to evade your +4 dagger of protection)
You puncture the fire elemental!
Your weapon exudes an aura of protection.
Your kick misses the fire elemental.
The fire elemental is moderately damaged.
The fire elemental hits you.
* * * LOW HITPOINT WARNING * * *
The fire elemental burns you!
* * * LOW HITPOINT WARNING * * *
The fire elemental barely misses you.
You are confused.
You feel invigorated. The fire elemental hits you.
The fire elemental burns you!
You die...
Your body crumbles into a pile of gold.

, , , ***** ** *,
* , ........# , ,
, * ,, ..........+
,, ,,, * ,
..........# , ,,,
, ,..........#* ,
, ..... ....# * *
* ,, ....,... , *
#..##.# ## * * *
##.$#@# ###.# * ,
*#$..EE###..#, * ,
*, #$.###E.#..#
### , *#..,
##...)# ...# * *
** . .
##.....##...# ,,
,,*
..#..##)..#..##* ,
, *#...# ##)$....#
, ,
#...#..###..#...#
, , *,
#..#.#..#(.###..#.
*


You could see 3 fire elementals.

Vanquished Creatures
  Joseph (D:7)
  Maggie (D:7)
  Sigmund (D:5)
  2 fire elementals (D:7)
  A steam dragon (D:6)
  Duvessa (D:4)
  2 black bears
  A sky beast (D:7)
  An ogre (D:7)
  2 centaurs (D:6)
  3 phantoms
  Blork the orc (D:6)
  2 bullfrogs
  5 kobold brigands (Sewer)
  A scorpion (D:4)
  5 wights (D:7)
  Dowan (D:4)
  A howler monkey (D:5)
  5 hounds
  Crazy Yiuf (D:5)
  A jelly (D:4)
  An iguana (D:5)
  4 orc wizards
  8 mummies (Ossuary)
  A gnoll (D:1)
  6 adders
  An ufetubus (D:4)
  3 dart slugs
  14 orcs
  5 bats
  5 endoplasms
  4 giant cockroaches
  4 goblins
  3 hobgoblins
  5 quokkas
  9 ball pythons
  A gnoll zombie (Ossuary)
  2 hobgoblin zombies (Ossuary)
  11 kobolds
  A kobold zombie (Ossuary)
  4 orc zombies (Ossuary)
  10 rats
141 creatures vanquished.

Vanquished Creatures (others)
  89 foxfires
89 creatures vanquished.

Grand Total: 230 creatures vanquished

Notes
Turn   | Place    | Note
-------+----------+-------------------------------------------
     0 | D:1      | Danienth the Meteoran Shapeshifter began the quest for the
                  | Orb.
     0 | D:1      | Reached XP level 1. HP: 16/16 MP: 2/2
   207 | D:1      | Reached XP level 2. HP: 22/23 MP: 3/3
   339 | D:1      | Reached XP level 3. HP: 12/27 MP: 4/4
   502 | D:1      | Glimpsed the power of Zot.
   517 | D:2      | Found a faded altar of an unknown god.
   522 | D:2      | Prayed at the altar of an unknown god.
   522 | D:2      | Became a worshipper of Ignis, the Dying Flame
   610 | D:2      | Found a glowing golden altar of the Shining One.
   641 | D:2      | Reached XP level 4. HP: 23/36 MP: 5/5
   675 | D:2      | Reached skill level 1 in Short Blades
  1132 | D:3      | Reached XP level 5. HP: 39/41 MP: 6/6
  1179 | D:3      | Reached skill level 2 in Short Blades
  1624 | D:4      | Reached skill level 3 in Short Blades
  1624 | D:4      | Reached XP level 6. HP: 47/50 MP: 7/7
  1647 | D:4      | Noticed Duvessa
  1648 | D:4      | Noticed Dowan
  1669 | D:4      | Reached skill level 4 in Short Blades
  1674 | D:4      | Reached XP level 7. HP: 58/58 MP: 8/8
  1679 | D:4      | Killed Dowan
  1684 | D:4      | Killed Duvessa
  1685 | D:4      | Reached skill level 5 in Short Blades
  1800 | D:4      | Found a glowing drain.
  1810 | Sewer    | Entered a sewer
  1897 | Sewer    | Reached skill level 6 in Short Blades
  1897 | Sewer    | Reached XP level 8. HP: 60/67 MP: 9/9
  1962 | Sewer    | Reached skill level 5 in Fighting
  2027 | Sewer    | Reached skill level 7 in Short Blades
  2095 | D:5      | Entered Level 5 of the Dungeon
  2140 | D:5      | Found a stormy altar of Qazlal.
  2142 | D:5      | Found a sparkling altar of Nemelex Xobeh.
  2143 | D:5      | Found a hide-covered altar of Uskayaw.
  2143 | D:5      | Found a shadowy altar of Dithmenos.
  2145 | D:5      | Found a blossoming altar of Fedhas.
  2145 | D:5      | Found an opulent altar of Gozag.
  2161 | D:5      | Found Duega's Jewellery Boutique.
  2262 | D:5      | Found a sand-covered staircase.
  2267 | Ossuary  | Entered an ossuary
  2285 | Ossuary  | Reached skill level 1 in Spellcasting
  2503 | D:5      | Noticed Sigmund
  2511 | D:5      | Reached skill level 1 in Stealth
  2511 | D:5      | Gained mutation: You passively map the area around you.
                  | [Meteoran growth]
  2511 | D:5      | Reached XP level 9. HP: 75/75 MP: 12/12
  2519 | D:5      | Killed Sigmund
  3065 | D:5      | Found an ornate altar of the Wu Jian Council.
  3172 | D:5      | Learned a level 3 spell: Swiftness
  3175 | D:5      | Learned a level 2 spell: Passwall
  3178 | D:5      | Learned a level 2 spell: Searing Ray
  3190 | D:5      | Found a runed translucent door.
  3191 | D:5      | Noticed Crazy Yiuf
  3202 | D:5      | Killed Crazy Yiuf
  3289 | D:6      | Reached skill level 8 in Short Blades
  3362 | D:6      | Found Yryann's Antique Weapon Shop.
  3365 | D:6      | Bought a bloodstained shortbow for 152 gold pieces
  3365 | D:6      | Identified the +3 shortbow "Jeocoamode" {drain, Str+3
                  | Stlth+} (You bought it in a shop on level 6 of the Dungeon)
  3405 | D:6      | Reached skill level 5 in Shapeshifting
  3421 | D:6      | Found Boozuorgh's Elemental Accessories.
  3435 | D:6      | Bought a wand of flame (7) for 58 gold pieces
  3462 | D:6      | Reached skill level 1 in Ranged Weapons
  3496 | D:6      | Noticed Blork the orc
  3513 | D:6      | Killed Blork the orc
  3712 | D:5      | Fell from the grace of Ignis
  3713 | D:5      | Became a worshipper of Gozag Ym Sagoz the Greedy
  3772 | D:6      | Found a staircase to the Ecumenical Temple.
  3976 | D:6      | Glimpsed the power of Zot.
  4013 | D:7      | Noticed Joseph
  4014 | D:7      | Gained mutation: You have hidden genetic potential. [potion
                  | of mutation]
  4014 | D:7      | Gained mutation: You occasionally shout uncontrollably at
                  | your foes. [potion of mutation]
  4014 | D:7      | Gained mutation: Your magical capacity is low. (-10% MP)
                  | [potion of mutation]
  4014 | D:7      | Gained mutation: Your flesh is heat resistant. (rF+)
                  | [potion of mutation]
  4015 | D:7      | Lost mutation: Your flesh is heat resistant. (rF+) [potion
                  | of mutation]
  4015 | D:7      | Lost mutation: You occasionally shout uncontrollably at
                  | your foes. [potion of mutation]
  4015 | D:7      | Gained mutation: Your body sometimes deteriorates upon
                  | taking damage. [potion of mutation]
  4015 | D:7      | Noticed Maggie
  4016 | D:7      | Lost mutation: You have hidden genetic potential. [potion
                  | of mutation]
  4016 | D:7      | Lost mutation: Your body sometimes deteriorates upon taking
                  | damage. [potion of mutation]
  4016 | D:7      | Lost mutation: Your magical capacity is low. (-10% MP)
                  | [potion of mutation]
  4016 | D:7      | Gained mutation: You have large cloven feet. [potion of
                  | mutation]
  4016 | D:7      | Gained mutation: Your flesh is cold resistant. (rC+)
                  | [potion of mutation]
  4025 | D:7      | Killed Maggie
  4026 | D:7      | Reached skill level 5 in Spellcasting
  4026 | D:7      | Reached XP level 10. HP: 43/83 MP: 16/19
  4029 | D:7      | Killed Joseph
  4206 | D:7      | Slain by a fire elemental

Illustrated notes

Levels and vault maps discovered:
D:1:      minmay_arrival_widening_spiral_wide, layout_basic,
          chequers_serial_rivers_room_b
D:2:      layout_basic, basic_altar, ebering_ecumenical_altar_box
D:3:      layout_rooms, serial_bayou_pond_a
D:4:      layout_basic, portal_sewer_entry_d, grunt_ministairs_9,
          minmay_increasing_density, uniq_duvessa
D:5:      layout_loops_ring, grunt_temple_overflow_open,
          nicolae_wu_jian_immortal_techniques, enter_ossuary_5, serial_shops,
          nicolae_shop_advertising_works [nicolae_subvault_shop_adworks],
          uniq_crazy_yiuf_cottage, uniq_sigmund
D:6:      layout_basic, temple_pool_b, serial_glass, glass_columns_c,
          glass_columns_c, serial_shops, nicolae_shop_window_shopping,
          nicolae_elemental_shop, minmay_door_square, uniq_blork_the_orc
D:7:      hellmonk_destroyed_diamonds, layout_basic, uniq_joseph, uniq_maggie

Skill      XL: |  1  2  3  4  5  6  7  8  9 10 |
---------------+-------------------------------+-----
Unarmed Combat | 4 |  4.0
Shapeshifting  | 4 5 6 |  6.4
Fighting       | 2 3 4 5 6 |  6.0
Short Blades   | 1 3 4 6 7 8 |  8.0
Dodging        | 3 4 |  4.0
Spellcasting   | 1 5 6 |  6.8
Stealth        | 1 2 3 |  3.4
Ranged Weapons | 3 |  3.9

Action                     |  1- 3 |  4- 6 |  7- 9 | 10-12 || total
---------------------------+-------+-------+-------+-------++-------
  Melee: Unarmed           |    34 |       |       |       ||    34
         Punch             |     2 |     4 |     5 |       ||    11
         Dagger            |     7 |    92 |   217 |    27 ||   343
         Short sword       |     3 |       |       |       ||     3
         Kick              |       |       |       |    11 ||    11
   Fire: Shortbow          |       |       |    35 |    30 ||    65
 Invoke: Foxfire Swarm     |     1 |     1 |     3 |       ||     5
         Fiery Armour      |       |     1 |     5 |       ||     6
         Renounce Religion |       |       |     1 |       ||     1
Ability: Begin Untransform |       |       |     2 |       ||     2
    Use: Potion            |     2 |       |     3 |     6 ||    11
         Scroll            |     1 |     7 |     6 |     1 ||    15
   Stab: Sleeping          |       |       |     1 |       ||     1
 Armour: Animal skin       |    28 |    48 |   112 |    44 ||   232
         Skin              |     3 |       |       |       ||     3
  Dodge: Dodged            |    33 |    59 |   125 |    24 ||   241
   Form: Beast             |       |       |     1 |       ||     1

Table legend: (Time is in decaauts)
 A = Elapsed time spent in this place.
 B = Non-inter-level travel time spent in this place.
 C = Inter-level travel time spent in this place.
 D = Time resting spent in this place.
 E = Time spent auto-exploring this place.
 F = Levels seen in this place.
 G = Mean time per level.
                   A        B        C        D        E       F      G
               +--------+--------+--------+--------+--------+-----+--------+
         Total |   4150 |   3838 |    312 |    117 |   2761 |   9 |  461.1 |
       Dungeon |   3723 |   3411 |    312 |    117 |   2515 |   7 |  531.9 |
         Sewer |    252 |    252 |      0 |      0 |    142 |   1 |  252.0 |
       Ossuary |    174 |    174 |      0 |      0 |    103 |   1 |  174.0 |
               +--------+--------+--------+--------+--------+-----+--------+

Top non-repeatable levels by time:
     D:5: 990 daAuts
     D:6: 697 daAuts
     D:3: 559 daAuts
     D:1: 514 daAuts
     D:2: 472 daAuts
     D:4: 290 daAuts
   Sewer: 252 daAuts
     D:7: 199 daAuts
 Ossuary: 174 daAuts
